BLB
LOS ANGELES DINOS @ BATAVIA MUCKDOGS
08/17/2059
 
TOP OF THE 1ST
Los Angeles Dinos batting - Pitching for Batavia Muckdogs : RHP Brogan Barrett
Pitching: RHP Brogan Barrett
Batting: RHB Efren Zamora 0-0: Ball
1-0: Foul Ball, location: 2F
1-1: Ball
2-1: Swinging Strike
2-2: Ball
3-2: Foul Ball, location: 2F
3-2: Strikes out looking
Batting: LHB Tris Chikumbu 0-0: Called Strike
0-1: Called Strike
0-2: Ball
1-2: Strikes out swinging
Batting: LHB Sage Emerson 0-0: Ball
1-0: Called Strike
1-1: Ball
2-1: Ball
3-1: Foul Ball, location: 2F
3-2: Foul Ball, location: 2F
3-2: SOLO HOME RUN (Flyball, 89XD, EV 100.0 MPH), Distance : 415 ft
Batting: RHB Andy Dillon 0-0: Ball
1-0: Ball
2-0: Foul Ball, location: 2F
2-1: Ball
3-1: Swinging Strike
3-2: SOLO HOME RUN (Flyball, 7D, EV 95.0 MPH), Distance : 360 ft
Batting: LHB Elmer Nelson 0-0: Ball
1-0: Ball
2-0: Ball
3-0: Base on Balls
Batting: RHB Cody Turner 0-0: Ball
1-0: Fly out, F8 (Flyball, 8LD, EV 93.1 MPH)
Top of the 1st over - 2 runs, 2 hits, 0 errors, 1 left on base; Los Angeles 2 - Batavia 0
BOTTOM OF THE 1ST
Batavia Muckdogs batting - Pitching for Los Angeles Dinos : RHP Ian Cooley
Pitching: RHP Ian Cooley
Batting: RHB Robbie McGath 0-0: DOUBLE (Line Drive, 7LM, EV 106.2 MPH)
Batting: RHB R.J. McCarthy 0-0: Ball
1-0: Ball
2-0: Ball
3-0: Called Strike
3-1: Foul Ball, location: 2F
3-2: Foul Ball, location: 2F
3-2: Base on Balls
Batting: LHB Donald Dworkin 0-0: Foul Ball, location: 2F
0-1: Foul Ball, location: 2F
0-2: Grounds into double play, 4-6-3 (Groundball, 4D, EV 104.4 MPH)
Robbie McGath to third
Batting: LHB Edward Schachter 0-0: Called Strike
0-1: SINGLE (Groundball, 34D, EV 98.8 MPH)
Robbie McGath scores
Batting: LHB Carl Brinkley 0-0: Ball
1-0: Called Strike
1-1: Ball
2-1: Called Strike
2-2: Ground out 6-3 (Groundball, 6D, EV 103.8 MPH)
Bottom of the 1st over - 1 run, 2 hits, 0 errors, 1 left on base; Los Angeles 2 - Batavia 1
TOP OF THE 2ND
Los Angeles Dinos batting - Pitching for Batavia Muckdogs : RHP Brogan Barrett
Batting: RHB Derick Murphy 0-0: Ball
1-0: Foul Ball, location: 2F
1-1: Ball
2-1: Ball
3-1: Foul Ball, location: 2F
3-2: SINGLE (Groundball, 56, EV 85.6 MPH) (infield hit)
Batting: RHB Corby Maish 0-0: Ball
1-0: Ball
2-0: Ball
3-0: Called Strike
3-1: Fly out, F8 (Line Drive, 89D, EV 96.9 MPH)
Batting: RHB Mason Dvorak 0-0: Swinging Strike
0-1: Foul Ball, location: 2F
0-2: Ball
1-2: Ball
2-2: Foul Ball, location: 2F
2-2: Strikes out swinging
Batting: RHB Efren Zamora 0-0: Foul Ball, location: 2F
0-1: Ball
1-1: Ball
2-1: Foul Ball, location: 2F
2-2: Strikes out looking
Top of the 2nd over - 0 runs, 1 hit, 0 errors, 1 left on base; Los Angeles 2 - Batavia 1
BOTTOM OF THE 2ND
Batavia Muckdogs batting - Pitching for Los Angeles Dinos : RHP Ian Cooley
Batting: LHB Stefan Ciolino 0-0: Ball
1-0: Called Strike
1-1: Swinging Strike
1-2: Ball
2-2: Ground out 6-3 (Groundball, 6, EV 87.5 MPH)
Batting: RHB Tommy Tyrrell 0-0: Called Strike
0-1: Ball
1-1: Ball
2-1: Ball
3-1: Swinging Strike
3-2: Foul Ball, location: 2F
3-2: Foul Ball, location: 2F
3-2: Strikes out looking
Batting: RHB Destin Fransen 0-0: Fly out, F9 (Flyball, 89M, EV 91.9 MPH)
Bottom of the 2nd over - 0 runs, 0 hits, 0 errors, 0 left on base; Los Angeles 2 - Batavia 1
TOP OF THE 3RD
Los Angeles Dinos batting - Pitching for Batavia Muckdogs : RHP Brogan Barrett
Batting: LHB Tris Chikumbu 0-0: Ball
1-0: Fly out, F7 (Flyball, 7, EV 84.4 MPH)
Batting: LHB Sage Emerson 0-0: Ball
1-0: Ball
2-0: Ball
3-0: Called Strike
3-1: Called Strike
3-2: Fly out, F8 (Flyball, 8RD, EV 108.1 MPH)
Batting: RHB Andy Dillon 0-0: Called Strike
0-1: Fly out, F8 (Flyball, 8RM, EV 90.6 MPH)
Top of the 3rd over - 0 runs, 0 hits, 0 errors, 0 left on base; Los Angeles 2 - Batavia 1
BOTTOM OF THE 3RD
Batavia Muckdogs batting - Pitching for Los Angeles Dinos : RHP Ian Cooley
Batting: RHB Julius McCurdy 0-0: Ball
1-0: SINGLE (Groundball, 6MD, EV 98.1 MPH)
Batting: RHB Robbie McGath 0-0: Ball
1-0: Called Strike
Julius McCurdy is caught stealing 2nd base 2-4
1-1: Fly out, F8 (Flyball, 8RXD, EV 93.1 MPH)
Batting: RHB R.J. McCarthy 0-0: Called Strike
0-1: Fly out, F9 (Flyball, 89D, EV 100.0 MPH)
Bottom of the 3rd over - 0 runs, 1 hit, 0 errors, 0 left on base; Los Angeles 2 - Batavia 1
TOP OF THE 4TH
Los Angeles Dinos batting - Pitching for Batavia Muckdogs : RHP Brogan Barrett
Batting: LHB Elmer Nelson 0-0: Called Strike
0-1: Ball
1-1: Ball
2-1: Ball
3-1: Base on Balls
Batting: RHB Cody Turner 0-0: Ball
1-0: Ball
2-0: Ball
3-0: Called Strike
3-1: Called Strike
3-2: Base on Balls
Elmer Nelson to second
Batting: RHB Derick Murphy 0-0: Ball
1-0: Swinging Strike
1-1: Foul Ball, location: 2F
1-2: Ball
2-2: Ball
3-2: Strikes out swinging
Batting: RHB Corby Maish 0-0: Ball
1-0: Ball
2-0: Called Strike
2-1: Foul Ball, location: 2F
2-2: Grounds into double play, 6-4-3 (Groundball, 56, EV 78.1 MPH)
Top of the 4th over - 0 runs, 0 hits, 0 errors, 1 left on base; Los Angeles 2 - Batavia 1
BOTTOM OF THE 4TH
Batavia Muckdogs batting - Pitching for Los Angeles Dinos : RHP Ian Cooley
Batting: LHB Donald Dworkin 0-0: Ball
1-0: Ball
2-0: Swinging Strike
2-1: Ball
3-1: Base on Balls
Batting: LHB Edward Schachter 0-0: SINGLE (Groundball, 6D, EV 108.1 MPH)
Donald Dworkin to second
Batting: LHB Carl Brinkley 0-0: Ball
1-0: Called Strike
1-1: Fly out, F8 (Line Drive, 8RM, EV 87.5 MPH)
Batting: LHB Stefan Ciolino 0-0: Called Strike
0-1: Called Strike
0-2: Grounds into double play, 6-4-3 (Groundball, 6, EV 105.0 MPH)
Bottom of the 4th over - 0 runs, 1 hit, 0 errors, 1 left on base; Los Angeles 2 - Batavia 1
TOP OF THE 5TH
Los Angeles Dinos batting - Pitching for Batavia Muckdogs : RHP Brogan Barrett
Batting: RHB Mason Dvorak 0-0: Ball
1-0: Ground out U3 (Groundball, 34, EV 81.2 MPH)
Batting: RHB Efren Zamora 0-0: SOLO HOME RUN (Flyball, 89XD, EV 109.4 MPH), Distance : 429 ft
Batting: LHB Tris Chikumbu 0-0: Ball
1-0: Ball
2-0: Swinging Strike
2-1: Ball
3-1: Swinging Strike
3-2: Strikes out swinging, 2-3 out at first.
Pitching: RHP Chance Loya
Batting: LHB Sage Emerson 0-0: Called Strike
0-1: Foul Ball, location: 2F
0-2: Foul Ball, location: 2F
0-2: Ball
1-2: Foul Ball, location: 2F
1-2: Strikes out looking
Top of the 5th over - 1 run, 1 hit, 0 errors, 0 left on base; Los Angeles 3 - Batavia 1
BOTTOM OF THE 5TH
Batavia Muckdogs batting - Pitching for Los Angeles Dinos : RHP Ian Cooley
Batting: RHB Tommy Tyrrell 0-0: Swinging Strike
0-1: SOLO HOME RUN (Flyball, 7D, EV 100.0 MPH), Distance : 360 ft
Batting: RHB Destin Fransen 0-0: Swinging Strike
0-1: Ball
1-1: Swinging Strike
1-2: Ball
2-2: Fly out, F9 (Flyball, 9, EV 81.2 MPH)
Batting: RHB Julius McCurdy 0-0: Ball
1-0: Called Strike
1-1: Foul Ball, location: 2F
1-2: Foul Ball, location: 2F
1-2: Strikes out swinging
Batting: RHB Robbie McGath 0-0: Ball
1-0: Called Strike
1-1: Foul Ball, location: 2F
1-2: Ball
2-2: Strikes out looking
Bottom of the 5th over - 1 run, 1 hit, 0 errors, 0 left on base; Los Angeles 3 - Batavia 2
TOP OF THE 6TH
Los Angeles Dinos batting - Pitching for Batavia Muckdogs : RHP Chance Loya
Batting: RHB Andy Dillon 0-0: Ball
1-0: Foul Ball, location: 2F
1-1: Foul Ball, location: 2F
1-2: Ball
2-2: Ground out 5-3 (Groundball, 56S, EV 93.8 MPH)
Batting: LHB Elmer Nelson 0-0: Ball
1-0: Foul Ball, location: 2F
1-1: Foul Ball, location: 2F
1-2: Ground out U3 (Groundball, 34, EV 81.2 MPH)
Batting: RHB Cody Turner 0-0: SINGLE (Groundball, 56D, EV 97.5 MPH)
Batting: RHB Derick Murphy 0-0: Foul Ball, location: 2F
0-1: Ball
1-1: Fielders Choice at 2nd, 5-4 (Groundball, 56, EV 87.5 MPH)
Top of the 6th over - 0 runs, 1 hit, 0 errors, 1 left on base; Los Angeles 3 - Batavia 2
BOTTOM OF THE 6TH
Batavia Muckdogs batting - Pitching for Los Angeles Dinos : RHP Ian Cooley
Batting: RHB R.J. McCarthy 0-0: Ball
1-0: Swinging Strike
1-1: Swinging Strike
1-2: Strikes out swinging
Batting: LHB Donald Dworkin 0-0: Ball
1-0: Ball
2-0: Swinging Strike
2-1: Foul Ball, location: 2F
2-2: Strikes out looking
Batting: LHB Edward Schachter 0-0: Ball
1-0: SINGLE (Line Drive, 34D, EV 94.4 MPH)
Batting: LHB Carl Brinkley 0-0: Called Strike
0-1: Fly out, F9 (Flyball, 89M, EV 95.6 MPH)
Bottom of the 6th over - 0 runs, 1 hit, 0 errors, 1 left on base; Los Angeles 3 - Batavia 2
TOP OF THE 7TH
Los Angeles Dinos batting - Pitching for Batavia Muckdogs : RHP Chance Loya
Batting: RHB Corby Maish 0-0: Called Strike
0-1: Called Strike
0-2: Ball
1-2: Ball
2-2: Strikes out looking
Batting: RHB Mason Dvorak 0-0: SINGLE (Groundball, 6D, EV 105.6 MPH)
Batting: RHB Efren Zamora 0-0: Ball
1-0: Fly out, F9 (Flyball, 89S, EV 89.4 MPH)
Batting: LHB Tris Chikumbu 0-0: SINGLE (Line Drive, 7S, EV 95.0 MPH)
Mason Dvorak to second
Batting: LHB Sage Emerson 0-0: Ball
1-0: Ball
2-0: Ground out 4-3 (Groundball, 4, EV 89.4 MPH)
Top of the 7th over - 0 runs, 2 hits, 0 errors, 2 left on base; Los Angeles 3 - Batavia 2
BOTTOM OF THE 7TH
Batavia Muckdogs batting - Pitching for Los Angeles Dinos : RHP Ian Cooley
Batting: LHB Stefan Ciolino 0-0: Ball
1-0: Ball
2-0: Called Strike
2-1: SINGLE (Flyball, 3D, EV 94.4 MPH)
Pitching: RHP Jamie Martino
Batting: RHB Tommy Tyrrell 0-0: Sac Bunt to 23 - play at first, batter OUT! 3-4
Stefan Ciolino to second
Batting: RHB Destin Fransen 0-0: Foul Ball, location: 2F
0-1: Ball
1-1: Ball
2-1: Called Strike
2-2: Ball
3-2: SINGLE (Groundball, 4MD, EV 99.4 MPH)
Stefan Ciolino to third
Runner from 3rd tries for Home, SAFE, throw by CF to home
Destin Fransen to second
Batting: RHB Julius McCurdy 0-0: Swinging Strike
0-1: Foul Ball, location: 2F
0-2: Ball
1-2: Ball
2-2: Ground out 5-3 (Groundball, 56, EV 103.8 MPH)
Batting: RHB Robbie McGath 0-0: Ball
1-0: Called Strike
1-1: Foul Ball, location: 2F
1-2: Foul Ball, location: 2F
1-2: Strikes out swinging
Bottom of the 7th over - 1 run, 2 hits, 0 errors, 1 left on base; Los Angeles 3 - Batavia 3
TOP OF THE 8TH
Los Angeles Dinos batting - Pitching for Batavia Muckdogs : RHP Chance Loya
Pitching: RHP Greg Suplee
Batting: RHB Andy Dillon 0-0: Called Strike
0-1: Swinging Strike
0-2: Strikes out looking
Batting: LHB Elmer Nelson 0-0: Ball
1-0: Ball
2-0: Foul Ball, location: 2F
2-1: Ball
3-1: Called Strike
3-2: Base on Balls
Batting: RHB Cody Turner 0-0: Swinging Strike
0-1: Ball
1-1: Ball
2-1: Ball
3-1: Foul Ball, location: 2F
3-2: Base on Balls
Elmer Nelson to second
Batting: RHB Derick Murphy 0-0: Ball
1-0: Foul Ball, location: 2F
1-1: Ball
2-1: Ball
3-1: Base on Balls
Elmer Nelson to third
Cody Turner to second
Batting: RHB Corby Maish 0-0: Ball
1-0: Called Strike
1-1: Ball
2-1: Foul Ball, location: 2F
2-2: Fly out, F7 (Flyball, 7S, EV 88.1 MPH)
Batting: RHB Mason Dvorak 0-0: Swinging Strike
0-1: Ball
1-1: Swinging Strike
1-2: Ground out 4-3 (Groundball, 34, EV 83.8 MPH)
Top of the 8th over - 0 runs, 0 hits, 0 errors, 3 left on base; Los Angeles 3 - Batavia 3
BOTTOM OF THE 8TH
Batavia Muckdogs batting - Pitching for Los Angeles Dinos : RHP Jamie Martino
Batting: RHB R.J. McCarthy 0-0: Ball
1-0: Called Strike
1-1: Called Strike
1-2: Ball
2-2: Fly out, F7 (Flyball, 7D, EV 101.9 MPH)
Batting: LHB Donald Dworkin 0-0: Ball
1-0: Foul Ball, location: 2F
1-1: Ball
2-1: Ball
3-1: Base on Balls
Batting: LHB Edward Schachter 0-0: Ball
1-0: Called Strike
1-1: Swinging Strike
1-2: Foul Ball, location: 2F
1-2: 2-RUN HOME RUN (Line Drive, 9D, EV 100.0 MPH), Distance : 398 ft
Batting: LHB Carl Brinkley 0-0: Called Strike
0-1: Ball
1-1: Swinging Strike
1-2: Ball
2-2: Strikes out swinging
Batting: LHB Stefan Ciolino 0-0: Called Strike
0-1: Called Strike
0-2: Ball
1-2: Ball
2-2: Strikes out swinging
Bottom of the 8th over - 2 runs, 1 hit, 0 errors, 0 left on base; Los Angeles 3 - Batavia 5
TOP OF THE 9TH
Los Angeles Dinos batting - Pitching for Batavia Muckdogs : RHP Greg Suplee
Pitching: LHP Isaac Bates
Now in LF: Tyson Velez
Batting: RHB Efren Zamora 0-0: Ball
1-0: Foul Ball, location: 2F
1-1: SINGLE (Line Drive, 9LS, EV 86.2 MPH)
Batting: LHB Tris Chikumbu 0-0: Foul Ball, location: 2F
0-1: Ball
1-1: 2-RUN HOME RUN (Flyball, 9D, EV 100.6 MPH), Distance : 369 ft
Batting: LHB Sage Emerson 0-0: Called Strike
0-1: Ball
1-1: Ball
2-1: Foul Ball, location: 2F
2-2: Strikes out swinging
Batting: RHB Andy Dillon 0-0: Called Strike
0-1: Foul Ball, location: 2F
0-2: Ball
1-2: Ball
2-2: Ball
3-2: Foul Ball, location: 2F
3-2: Foul Ball, location: 2F
3-2: Strikes out looking
Batting: LHB Elmer Nelson 0-0: Ball
1-0: Swinging Strike
1-1: Ball
2-1: Fly out, F9 (Flyball, 9, EV 91.2 MPH)
Top of the 9th over - 2 runs, 2 hits, 0 errors, 0 left on base; Los Angeles 5 - Batavia 5
BOTTOM OF THE 9TH
Batavia Muckdogs batting - Pitching for Los Angeles Dinos : RHP Jamie Martino
Pitching: RHP Zane Pagano
Batting: RHB Tommy Tyrrell 0-0: Called Strike
0-1: Ball
1-1: Ball
2-1: Foul Ball, location: 2F
2-2: Strikes out swinging
Batting: RHB Destin Fransen 0-0: Called Strike
0-1: Ball
1-1: Ground out U3 (Groundball, 34, EV 85.0 MPH)
Batting: RHB Julius McCurdy 0-0: Ball
1-0: Called Strike
1-1: Foul Ball, location: 2F
1-2: Strikes out swinging, 2-3 out at first.
Bottom of the 9th over - 0 runs, 0 hits, 0 errors, 0 left on base; Los Angeles 5 - Batavia 5
TOP OF THE 10TH
Los Angeles Dinos batting - Pitching for Batavia Muckdogs : LHP Isaac Bates
Pitching: RHP Gerald Roderick
Batting: RHB Cody Turner 0-0: Ball
1-0: Ball
2-0: SINGLE (Line Drive, 56, EV 95.6 MPH)
Batting: RHB Derick Murphy 0-0: Ball
1-0: Ball
2-0: Sac Bunt to 3S - play at first, batter OUT! 3-1
Cody Turner to second
Batting: RHB Corby Maish 0-0: SINGLE (Groundball, 6MD, EV 102.5 MPH)
Cody Turner to third
Runner from 3rd tries for Home, SAFE, throw by CF to home
Corby Maish to second
Batting: RHB Mason Dvorak 0-0: Ball
1-0: Foul Ball, location: 2F
1-1: SINGLE (Groundball, 6, EV 110.0 MPH)
Corby Maish to third
Runner from 3rd tries for Home, throw by LF and OUT! 7-2
Batting: RHB Efren Zamora 0-0: Fly out, F9 (Line Drive, 89M, EV 106.2 MPH)
Top of the 10th over - 1 run, 3 hits, 0 errors, 1 left on base; Los Angeles 6 - Batavia 5
BOTTOM OF THE 10TH
Batavia Muckdogs batting - Pitching for Los Angeles Dinos : RHP Zane Pagano
Batting: RHB Robbie McGath 0-0: Called Strike
0-1: Swinging Strike
0-2: Ground out 6-3 (Groundball, 6, EV 101.2 MPH)
Batting: RHB R.J. McCarthy 0-0: Foul Ball, location: 2F
0-1: Ball
1-1: Ball
2-1: Foul Ball, location: 2F
2-2: Foul Ball, location: 2F
2-2: Strikes out swinging
Batting: RHB Tyson Velez 0-0: Called Strike
0-1: Ball
1-1: Fly out, F9 (Line Drive, 89S, EV 101.2 MPH)
Bottom of the 10th over - 0 runs, 0 hits, 0 errors, 0 left on base; Los Angeles 6 - Batavia 5
Saturday, March 23rd , 2024 - OOTP Baseball 23.10 Build 110